 Dungeon Crawl Stone Soup version 0.17-a0-1997-ga88ed7d (webtiles) character file.

2437 Mordenkainen the Destroyer (level 9, -3/45 HPs)
             Began as a Deep Elf Wizard on Oct 8, 2015.
             Killed by nerve-wracking pain
             ... invoked by a shadow imp
              (6 damage)
             ... on level 6 of the Dungeon.
             The game lasted 00:28:19 (5820 turns).

Mordenkainen the Destroyer (Deep Elf Wizard)        Turns: 5820, Time: 00:28:21

Health: -3/45      AC:  2    Str:  4    XL:     9   Next: 25%
Magic:  21/31      EV: 12    Int: 24    God:
Gold:   240        SH:  0    Dex: 13    Spells: 5 memorised, 12 levels left

rFire  . . .     SeeInvis .     A - +5 long sword "ETAOIN SHRDLU" {freeze, rN+++ MP+9 Int-3 Stlth+}
rCold  . . .     Clarity  .     a - +0 robe
rNeg   + + +     SustAt   .     (no shield)
rPois  .         Gourm    .     b - +0 hat
rElec  .         Spirit   .     (no cloak)
rCorr  .         Warding  .     (no gloves)
rMut   .         Stasis   .     (no boots)
MR     .....                    (no amulet)
Stlth  +++.......               (no ring)
                                (no ring)

@: not resistant to hostile enchantments, fairly stealthy
A: no striking features
a: no special abilities


You were on level 6 of the Dungeon.
You were not hungry.

You visited 1 branch of the dungeon, and saw 6 of its levels.

You collected 240 gold pieces.

Inventory:

Hand Weapons
 A - the +5 long sword "ETAOIN SHRDLU" (weapon) {freeze, rN+++ MP+9 Int-3 Stlth+}
   (You found it on level 5 of the Dungeon)

   It has been specially enchanted to freeze those struck by it, causing extra
   injury to most foes and up to half again as much damage against particularly
   susceptible opponents.
   It can also slow down cold-blooded creatures.
   It affects your intelligence (-3).
   It renders you almost immune to negative energy.
   It affects your magic capacity (+9).
   It makes you more stealthy.
Armour
 a - a +0 robe (worn)
 b - a +0 hat (worn)
Jewellery
 s - a cursed ring of teleportation {unknown}
Wands
 x - a wand of slowing (28)
Scrolls
 e - 2 scrolls of amnesia {unknown}
 f - 4 scrolls of recharging {unknown}
 g - 4 scrolls of identify {unknown}
 h - a scroll of random uselessness {unknown}
 l - a scroll of blinking {unknown}
 m - 3 scrolls of magic mapping {unknown}
 q - 2 scrolls of enchant armour {unknown}
 r - a scroll of fog {unknown}
 u - 2 scrolls of remove curse {unknown}
 y - 2 scrolls of noise {unknown}
 B - a scroll of enchant weapon {unknown}
Potions
 i - a potion of resistance {unknown}
 j - 5 potions of heal wounds {unknown}
 k - a potion of lignification {unknown}
 n - a potion of brilliance {unknown}
 o - 2 potions of cancellation {unknown}
 v - a potion of curing {unknown}
 w - a potion of might {unknown}
Books
 c - a book of Minor Magic

   Spells                             Type                      Level
   a - Magic Dart                     Conjuration                  1
   b - Blink                          Translocation                2
   c - Call Imp                       Summoning                    2
   d - Repel Missiles                 Charms/Air                   2
   e - Slow                           Hexes                        2
   f - Conjure Flame                  Conjuration/Fire             3
   g - Mephitic Cloud                 Conjuration/Poison/Air       3
 z - Sif Muna's Grimoire of Beguiling
   (You found it on level 5 of the Dungeon)

   Spells                             Type                      Level
   a - Corona                         Hexes                        1
Comestibles
 d - 5 bread rations
 p - 3 meat rations


   Skills:
 - Level 2.4 Dodging
 - Level 2.4 Stealth
 + Level 7.9 Spellcasting
 * Level 8.9 Conjurations
 - Level 4.5 Charms
   Level 1.1 Summonings
 - Level 4.1 Translocations
 - Level 3.6 Fire Magic
 - Level 3.4 Air Magic
 - Level 3.6 Poison Magic


You had 12 spell levels left.
You knew the following spells:

 Your Spells              Type           Power        Failure   Level  Hunger
a - Magic Dart            Conj           ####         1%          1    None
b - Blink                 Tloc           N/A          1%          2    None
c - Repel Missiles        Chrm/Air       ####..       1%          2    None
e - Conjure Flame         Conj/Fire      #####...     1%          3    None
h - Mephitic Cloud        Conj/Pois/Air  #####...     2%          3    None


Dungeon Overview and Level Annotations

Branches:
Dungeon (6/15)
 Temple: D:4-7

Altars:
Elyvilon
Fedhas
Nemelex Xobeh
Okawaru
Ru
Sif Muna
Trog
Yredelemnul


Message History

This raw flesh tastes terrible.
You continue eating. x2
A shadow imp comes into view.
The shadow imp moves out of view.
The orc priest calls down the wrath of Beogh upon you.
Something smites you!
* * * LOW HITPOINT WARNING * * *
Found a fizzy grey potion.
Casting: Mephitic Cloud
Confirm with . or Enter, or press ? or * to list all spells.
Aiming: Mephitic Cloud
Press: ? - help, Shift-Dir - straight line, f - orc priest
Aim: an orc priest The ball explodes into a vile cloud!
The stinking cloud engulfs the orc priest.
The stinking cloud engulfs the shadow imp.
You hear a bark! x2
The shadow imp gestures at you. Pain shoots through your body!
You die...

######### ........##
...##############..#####
........................
....[#@###.############
... #.# #.# ### . #.#
#.# ..# 5o§ #†##..# §§#
#.....# ...# ####..#
!... .o# #.... ..# ..#


You could see an orc priest and a shadow imp.

Vanquished Creatures
  Pikel (D:5)
  Sigmund (D:2)
  Menkaure (D:4)
  Edmund (D:4)
  The ghost of kaze the Magician, an amateur DEFE (D:3)
  3 slaves (D:5)
  A black bear (D:6)
  2 ice beasts
  A necrophage (D:5)
  Blork the orc (D:5)
  A giant frog (D:6)
  A scorpion (D:5)
  2 crimson imps
  A giant frog zombie (D:4)
  3 jellies (D:5)
  A giant frog skeleton (D:5)
  2 hounds (D:5)
  A centaur skeleton (D:4)
  Natasha (D:2)
  4 orc wizards
  2 iguanas
  7 worker ants
  3 hound zombies
  A hound skeleton (D:4)
  Robin (D:4)
  A worker ant zombie (D:4)
  9 adders
  An ooze (D:1)
  4 adder zombies
  3 adder skeletons (D:4)
  3 worms (D:2)
  5 giant geckos
  10 orcs
  A ball python (D:5)
  4 bats
  3 giant cockroaches
  13 hobgoblins
  6 jackals
  3 quokkas
  A giant cockroach zombie (D:4)
  A giant gecko skeleton (D:5)
  4 giant newts
  17 goblins
  A jackal zombie (D:4)
  11 kobolds
  13 rats
158 creatures vanquished.

Vanquished Creatures (others)
  A giant gecko zombie (D:5)
1 creature vanquished.

Grand Total: 159 creatures vanquished

Notes
Turn   | Place    | Note
--------------------------------------------------------------
     0 | D:1      | Mordenkainen the Deep Elf Wizard began the quest for the Orb.
     0 | D:1      | Reached XP level 1. HP: 10/10 MP: 7/7
   150 | D:1      | Reached XP level 2. HP: 15/15 MP: 2/9
   904 | D:2      | Reached XP level 3. HP: 19/19 MP: 4/10
   957 | D:1      | Learned a level 2 spell: Blink
   960 | D:1      | Learned a level 2 spell: Repel Missiles
   964 | D:1      | Learned a level 3 spell: Conjure Flame
  1050 | D:2      | Found an iron altar of Okawaru.
  1077 | D:2      | Noticed Sigmund
  1194 | D:2      | Learned a level 3 spell: Mephitic Cloud
  1317 | D:2      | Noticed Natasha
  1322 | D:2      | Killed Natasha
  1322 | D:2      | Reached XP level 4. HP: 24/24 MP: 6/12
  1404 | D:2      | Killed Sigmund
  1404 | D:2      | Reached skill level 5 in Spellcasting
  1404 | D:2      | Reached skill level 1 in Charms
  1404 | D:2      | Reached skill level 1 in Fire Magic
  1404 | D:2      | Reached skill level 1 in Air Magic
  1404 | D:2      | Reached skill level 1 in Poison Magic
  1404 | D:2      | Reached XP level 5. HP: 22/28 MP: 1/14
  1508 | D:2      | Reached XP level 6. HP: 32/32 MP: 0/15
  1631 | D:3      | Found a white marble altar of Elyvilon.
  1736 | D:3      | Found a basalt altar of Yredelemnul.
  1743 | D:3      | Found a sparkling altar of Nemelex Xobeh.
  1749 | D:3      | Found a sacrificial altar of Ru.
  1796 | D:3      | Reached skill level 5 in Conjurations
  1865 | D:3      | Noticed kaze's ghost (amateur DEFE)
  1912 | D:3      | Killed kaze's ghost
  1999 | D:3      | Found a blossoming altar of Fedhas.
  2239 | D:3      | Found a bloodstained altar of Trog.
  2440 | D:4      | Reached XP level 7. HP: 31/36 MP: 10/17
  2639 | D:4      | Noticed Edmund
  2757 | D:4      | Noticed Robin
  3241 | D:5      | Entered Level 5 of the Dungeon
  3254 | D:5      | Found a deep blue altar of Sif Muna.
  3277 | D:5      | Identified Sif Muna's Grimoire of Beguiling
  3331 | D:5      | Noticed Blork the orc
  3522 | D:4      | Noticed Menkaure
  3701 | D:5      | Reached skill level 6 in Conjurations
  3845 | D:5      | Reached XP level 8. HP: 9/41 MP: 4/18
  4081 | D:5      | Noticed Pikel
  4268 | D:5      | Killed Pikel
  4268 | D:5      | Reached skill level 7 in Conjurations
  4548 | D:5      | Killed Blork the orc
  5017 | D:5      | Got an encrusted long sword
  5018 | D:5      | Identified the +5 long sword "ETAOIN SHRDLU" {freeze, rN+++ MP+9 Int-3 Stlth+} (You found it on level 5 of the Dungeon)
  5079 | D:4      | Killed Menkaure
  5164 | D:4      | Killed Robin
  5322 | D:4      | Killed Edmund
  5322 | D:4      | Reached skill level 8 in Conjurations
  5322 | D:4      | Reached XP level 9. HP: 25/45 MP: 0/21
  5820 | D:6      | Killed from afar by a shadow imp

Vault maps used:
D:1:      onia_arrival_handbag
D:2:      okawaru_trees_1, uniq_natasha, uniq_sigmund
D:3:      elyvilon_altar_3, minitemple, lemuel_crystal_altar, trog_hazing_becter
D:4:      serial_undead, serial_undead_f, serial_undead_a, serial_undead_c,
          serial_undead_d, first_bread, st_stairs_4, uniq_menkaure, uniq_edmund,
          uniq_robin
D:5:      led_sif_book, uniq_blork_the_orc, uniq_pikel
D:6:      nicolae_qazlal_eye_of_the_storm, minmay_temple_entry_poolview,
          kennysheep_flooded_box

Action                   |  1- 3 |  4- 6 |  7- 9 || total
-------------------------+-------+-------+-------++-------
Melee: Scythe            |       |    17 |    71 ||    88
       Long sword        |       |       |    11 ||    11
 Cast: Magic Dart        |    77 |    74 |   263 ||   414
       Conjure Flame     |     1 |     6 |    33 ||    40
       Mephitic Cloud    |       |     2 |    13 ||    15
       Blink             |       |     3 |    18 ||    21
 Stab: Confused          |       |       |     1 ||     1
  Eat: Chunk             |     1 |     4 |     6 ||    11
       Meat ration       |       |       |     1 ||     1
